 Dungeon Crawl Stone Soup version 0.19-a0-1837-gdfe47cf (webtiles) character file.

98 JeffiDaFish the Vexing (level 4, 0/32 HPs)
             Began as a Vampire Enchanter on Oct 8, 2016.
             Slain by an orc priest
             ... wielding a +2 vampiric short sword
              (3 damage)
             ... on level 2 of the Dungeon.
             The game lasted 00:05:38 (1983 turns).

JeffiDaFish the Vexing (Vampire Enchanter)          Turns: 1983, Time: 00:05:39

Health: 0/32       AC:  3    Str:  8    XL:     4   Next: 43%
Magic:  3/7        EV: 13    Int: 17    God:
Gold:   135        SH:  0    Dex: 14    Spells: 3 memorised, 1 level left

rFire  . . .     SeeInvis +     g - +2 dagger (speed)
rCold  . . .     Gourm    .     b - +1 robe
rNeg   + . .     Faith    .     (no shield)
rPois  .         Spirit   .     (no helmet)
rElec  .         Dismiss  .     (no cloak)
rCorr  .         Reflect  .     (no gloves)
MR     .....     Harm     .     (no boots)
Stlth  +++.......               (no amulet)
                                (no ring)
                                (no ring)

@: no status effects
A: fangs 3, see invisible, unbreathing
a: Bat Form


You were on level 2 of the Dungeon.
You were not thirsty.

You visited 1 branch of the dungeon, and saw 3 of its levels.

You collected 135 gold pieces.

Inventory:

Hand Weapons
 a - a +1 dagger
 g - a +2 dagger of speed (weapon)
Armour
 b - a +1 robe (worn)
Scrolls
 e - 2 scrolls of teleportation
 f - 2 scrolls of identify
 j - 2 scrolls of fear
Potions
 d - 16 potions of blood
 h - 4 potions of curing
 i - a potion of berserk rage
 k - a potion of flight
Books
 c - a book of Maledictions

   Spells                             Type                      Level
   a - Corona                         Hexes                        1
   b - Ensorcelled Hibernation        Hexes/Ice                    2
   c - Confuse                        Hexes                        3
   d - Tukima's Dance                 Hexes                        3
   e - Dazzling Spray                 Conjuration/Hexes            3


   Skills:
 + Level 1.0 Fighting
 + Level 2.1 Short Blades
 + Level 2.4 Dodging
 + Level 5.3 Stealth
 + Level 2.3 Spellcasting
 + Level 5.5 Hexes
 + Level 0.6 Ice Magic


You had one spell level left.
You knew the following spells:

 Your Spells              Type           Power        Failure   Level  Hunger
a - Corona                Hex            ###....      1%          1    #......
b - Ensorcelled Hibernat  Hex/Ice        ##....       10%         2    ###....
c - Confuse               Hex            ###.....     8%          3    ###....


Dungeon Overview and Level Annotations

Branches:
Dungeon (3/15)

Altars:


Innate Abilities, Weirdness & Mutations

You have razor-sharp teeth.
You have supernaturally acute eyesight. (SInv)
You can survive without breathing.


Message History

The orc priest misses you.
You climb upwards.
There is a stone staircase leading down here.
Casting: Ensorcelled Hibernation
Confirm with . or Enter, or press ? or * to list all spells.
Aiming: Ensorcelled Hibernation
Press: ? - help, Shift-Dir - straight line, f - orc
Aim: an orc, wielding a trident and wearing a ring mail (lightly wounded, chance to defeat MR: 61%)
The orc resists with significant effort.
The orc closely misses you.
The orc priest mumbles some strange prayers to Beogh against you.
You barely resist.
Casting: Ensorcelled Hibernation
Confirm with . or Enter, or press ? or * to list all spells.
Aiming: Ensorcelled Hibernation
Press: ? - help, Shift-Dir - straight line, f/p - orc
Aim: an orc, wielding a trident and wearing a ring mail (lightly wounded, chance to defeat MR: 61%)
The orc looks drowsy...
The orc priest hits you with a vampiric short sword.
You die...

#.......# # #.......# #
#.......# # #.......# ###
#.......# ..# #.......#
#### #.......#
...#######.....o.#
...............o@#
#..#####.#.###.### #..#
#.#.# #.# #..# #.#.# #.#
#..#####.#.###.### ###
...............#.# #<#
...............#.# #.#
.........#.#####.# #.#
.................######.#


You could see an orc priest and an orc (sleeping).

Vanquished Creatures
  A gnoll (D:1)
  3 adders (D:2)
  3 oozes (D:1)
  A worm (D:2)
  A dart slug (D:2)
  3 leopard geckos
  An orc (D:3)
  2 giant cockroaches
  4 goblins
  2 hobgoblins
  2 jackals (D:1)
  6 kobolds
  2 quokkas (D:2)
  8 bats
  2 frilled lizards (D:2)
  2 rats (D:1)
43 creatures vanquished.

Notes
Turn   | Place    | Note
-------+----------+-------------------------------------------
     0 | D:1      | JeffiDaFish the Vampire Enchanter began the quest for the Orb.
     0 | D:1      | Reached XP level 1. HP: 13/13 MP: 3/3
    55 | D:1      | Reached skill level 5 in Hexes
    55 | D:1      | Reached XP level 2. HP: 14/19 MP: 5/5
    81 | D:1      | Learned a level 2 spell: Ensorcelled Hibernation
   480 | D:1      | Reached XP level 3. HP: 13/25 MP: 6/6
   668 | D:1      | Gained mutation: Your spells are a little easier to cast, but a little less powerful. [potion of mutation]
   668 | D:1      | Gained mutation: You are agile. (Dex +2) [potion of mutation]
  1038 | D:2      | Reached skill level 1 in Fighting
  1291 | D:2      | Lost mutation: Your spells are a little easier to cast, but a little less powerful. [potion of cure mutation]
  1291 | D:2      | Lost mutation: You are agile. (Dex +2) [potion of cure mutation]
  1347 | D:2      | Reached skill level 5 in Stealth
  1347 | D:2      | Reached XP level 4. HP: 30/32 MP: 7/7
  1682 | D:2      | Learned a level 3 spell: Confuse
  1983 | D:2      | Slain by an orc priest

Vault maps used:
D:1:      lemuel_arrival_room, minmay_misc_feat_nine_boxes
D:2:      lemuel_upstairs_altar, first_bread
D:3:      uniq_robin, uniq_sigmund, uniq_iyjb

Skill      XL: |  1  2  3  4 |
---------------+-------------+-----
Hexes          | 5 |  5.5
Fighting       | 1 |  1.0
Stealth        | 5 |  5.3
Short Blades   | 2 |  2.1
Dodging        | |  2.4
Spellcasting   | |  2.3
Ice Magic      | |  0.6

Action                   |  1- 3 |  4- 6 || total
-------------------------+-------+-------++-------
Melee: Dagger            |   109 |    45 ||   154
       Bite              |    10 |     1 ||    11
 Cast: Ensorcelled Hiber |     2 |     5 ||     7
  Use: Potion            |    10 |     2 ||    12
       Scroll            |     5 |       ||     5
 Stab: Sleeping          |     8 |     5 ||    13
Armor: Robe              |    15 |     1 ||    16
Dodge: Dodged            |    63 |    24 ||    87
